 Dungeon Crawl Stone Soup version 0.22-a0-247-gbddf880 (webtiles) character file.

12121 nikopol the Thaumaturge (level 11, -7/56 HPs)
             Began as a Deep Elf Fire Elementalist on Feb 27, 2018.
             Was a High Priest of Sif Muna.
             Mangled by a black mamba (14 damage)
             ... on level 1 of the Lair of Beasts.
             The game lasted 01:14:17 (15668 turns).

nikopol the Thaumaturge (DEFE)                     Turns: 15668, Time: 01:14:17

Health: -7/56      AC:  5    Str:  5    XL:     11   Next: 58%
Magic:  15/30      EV: 15    Int: 26    God:    Sif Muna [*****.]
Gold:   759        SH:  0    Dex: 17    Spells: 20/37 levels left

rFire    + . .     SeeInvis .   (no weapon)
rCold    . . .     Gourm    .   (no shield)
rNeg     . . .     Faith    .   a - +0 robe
rPois    .         Spirit   .   n - +0 helmet
rElec    .         Reflect  .   (no cloak)
rCorr    +         Harm     .   (no gloves)
MR       +....                  G - +1 pair of boots "Urut" {Int+2 Dex+2}
Stlth    +++.......             y - amulet of magic regeneration
HPRegen  0.18/turn              d - ring of protection from fire
MPRegen  0.47/turn              w - ring of resist corrosion

@: lethally poisoned (-7 -> -17), divine energy
A: no striking features
a: Stop Divine Energy, Channel Magic, Forget Spell, Renounce Religion


You were on level 1 of the Lair of Beasts.
You worshipped Sif Muna.
Sif Muna was extremely pleased with you.
You were hungry.

You visited 3 branches of the dungeon, and saw 13 of its levels.
You also visited: Bailey.

You collected 759 gold pieces.

Inventory:

Armour
 a - a +0 robe (worn)
 h - a +0 pair of boots
 n - a +0 helmet (worn)
 G - the +1 pair of boots "Urut" (worn) {Int+2 Dex+2}
   (You found it in a bailey)

   It affects your intelligence (+2).
   It affects your dexterity (+2).
 H - +0 fire dragon scales
Jewellery
 d - a ring of protection from fire (left hand)
 w - a ring of resist corrosion (right hand)
 y - an amulet of magic regeneration (around neck)
 E - an uncursed ring of protection from cold
Wands
 o - a wand of enslavement (8)
 u - a wand of disintegration (32)
 A - a wand of iceblast (5)
 B - a wand of clouds (2)
Scrolls
 c - 2 scrolls of fear
 e - 7 scrolls of remove curse
 f - a scroll of blinking {unknown}
 g - 4 scrolls of magic mapping {unknown}
 j - a scroll of torment {unknown}
 m - 5 scrolls of enchant weapon {unknown}
 q - 5 scrolls of teleportation {unknown}
 r - 2 scrolls of noise {unknown}
 v - a scroll of enchant armour {unknown}
 z - 3 scrolls of vulnerability {unknown}
 D - 2 scrolls of brand weapon {unknown}
 F - 3 scrolls of identify
 J - a scroll of random uselessness {unknown}
Potions
 i - 6 potions of heal wounds
 l - 2 potions of curing
 p - 2 potions of flight
 s - 3 potions of ambrosia
 t - 2 potions of lignification {unknown}
 C - a potion of mutation {unknown}
 K - a potion of agility {unknown}
 L - a potion of might {unknown}
Comestibles
 b - 9 rations


   Skills:
 + Level 1.1 Fighting
 + Level 4.5 Dodging
 + Level 5.0 Stealth
 + Level 13.7 Spellcasting
 + Level 10.6 Conjurations
 + Level 11.8 Fire Magic
 + Level 0.3 Invocations
 + Level 0.3 Evocations


You had 20 spell levels left.
You knew the following spells:

 Your Spells              Type           Power        Failure   Level  Hunger
a - Flame Tongue          Conj/Fire      #####        1%          1    None
b - Throw Flame           Conj/Fire      ######       1%          2    None
c - Conjure Flame         Conj/Fire      ######..     1%          3    None
d - Sticky Flame          Conj/Fire      ######..     1%          4    None
e - Fireball              Conj/Fire      ######....   1%          5    ##.....
f - Blink                 Tloc           N/A          4%          2    None


Dungeon Overview and Level Annotations

Branches:
Dungeon (10/15)            Temple (1/1) D:6            Lair (2/6) D:9
    Orc (0/2) D:9
  Swamp: Lair:2-4    Shoals: Lair:2-4     Snake: Lair:2-4    Spider: Lair:2-4

Altars:
Ashenzari
Elyvilon
Hepliaklqana
Kikubaaqudgha
Makhleb
Okawaru
Ru
Sif Muna
Trog
Wu Jian
Xom
Beogh

Annotations:
D:4 Pikel
D:10 George's ghost, journeyman MiFi


Message History

A blink frog comes into view.
The black mamba closely misses you. The black mamba bites you!
There is a stone staircase leading up, spattered with blood here.
The black mamba barely misses you. The black mamba bites you.
You climb upwards.
There is a stone staircase leading down here.
Casting: Sticky Flame (safe; 1% risk of failure)
Confirm with . or Enter, or press ? or * to list all spells.
Aiming: Sticky Flame (safe; 1% risk of failure)
Press: ? - help, Shift-Dir - straight line, f - black mamba
Aim: a black mamba The sticky flame hits the black mamba.
The black mamba is moderately wounded.
The black mamba is covered in liquid flames!
The black mamba burns!
The black mamba bites you!
* * * LOW HITPOINT WARNING * * *
You are lethally poisoned!
The black mamba poisons you! The black mamba bites you!
You die...

#..........###.########...
#..##......##P..##.##..... ######
#..###.....###............
.....###>.###.....###............
#..#.P#P..##......#.#............
####..................#####......
#..................# ###....
#####..............## ##...
#..#P....@......# #...
###.###....S##...## ###.
#..........###....######..#
##.........................
##...........P...##.###.##.
#...........##...##.#####..
##..........#....##........
##.........................
#...................######.


You could see a black mamba (burning).

Vanquished Creatures
  A two-headed ogre (D:8)
  An elephant (Lair:2)
  Joseph (D:7)
  Psyche (D:10)
  A gargoyle (D:10)
  A troll (D:10)
  Grinder (D:6)
  Prince Ribbit (D:8)
  A hippogriff (Lair:1)
  The ghost of Serpenta the Chiller, an amateur OpIE of Okawaru (D:4)
  A wraith (D:9)
  A wyvern (D:10)
  Grum (D:9)
  14 yaks (Lair:1)
  3 porcupines (Lair:1)
  2 hell hounds (D:9)
  A hornet zombie (D:8)
  15 orc warriors
  An ice beast (D:9)
  2 phantoms
  3 ogres
  8 wolves
  4 centaurs
  3 crocodiles
  3 big kobolds
  10 bullfrogs
  A gnoll sergeant (D:10)
  3 scorpions
  8 killer bees
  A howler monkey (D:7)
  A crimson imp (D:10)
  A bullfrog zombie (D:9)
  7 jellies
  11 orc wizards
  6 orc priests
  2 bullfrog skeletons
  A centaur skeleton (D:10)
  4 hounds
  Ijyb (D:3)
  2 iguanas
  8 worker ants
  A hound zombie (D:7)
  2 hound skeletons
  2 howler monkey skeletons
  13 adders
  7 gnolls
  2 shadow imps
  An ooze (D:3)
  An adder zombie (D:5)
  3 adder skeletons
  6 worms
  2 dart slugs (D:1)
  8 leopard geckos
  60 orcs
  7 giant cockroaches
  7 goblins
  2 hobgoblins
  13 jackals
  4 quokkas
  A ball python (D:5)
  10 bats
  2 frilled lizards
  23 kobolds
  A leopard gecko zombie (D:6)
  A quokka skeleton (D:7)
  7 rats
325 creatures vanquished.

Vanquished Creatures (others)
  A sky beast (D:7)
  A quokka (D:7)
  A kobold (D:7)
  3 fungi (Lair:2)
6 creatures vanquished.

Grand Total: 331 creatures vanquished

Notes
Turn   | Place    | Note
-------+----------+-------------------------------------------
     0 | D:1      | nikopol the Deep Elf Fire Elementalist began the quest for the Orb.
     0 | D:1      | Reached XP level 1. HP: 10/10 MP: 6/6
   217 | D:1      | Reached XP level 2. HP: 15/15 MP: 1/8
   221 | D:1      | Learned a level 2 spell: Throw Flame
  1025 | D:2      | Reached XP level 3. HP: 19/19 MP: 2/9
  1431 | D:2      | Reached XP level 4. HP: 24/24 MP: 4/11
  2200 | D:3      | Noticed Ijyb
  2206 | D:3      | Killed Ijyb
  2206 | D:3      | Reached skill level 4 in Spellcasting
  2206 | D:3      | Reached XP level 5. HP: 27/28 MP: 4/13
  2213 | D:3      | Learned a level 3 spell: Conjure Flame
  2218 | D:3      | Learned a level 4 spell: Sticky Flame
  2324 | D:3      | Reached skill level 5 in Fire Magic
  2662 | D:4      | Noticed a phantom
  3045 | D:4      | Noticed a slave
  3046 | D:4      | Noticed Pikel
  3046 | D:4      | Noticed a slave
  3230 | D:4      | Reached skill level 5 in Spellcasting
  3239 | D:4      | Reached XP level 6. HP: 24/32 MP: 6/15
  3412 | D:4      | Noticed Serpenta's ghost (amateur OpIE)
  3436 | D:4      | Killed Serpenta's ghost
  3484 | D:4      | Learned a level 5 spell: Fireball
  3490 | D:4      | Reached skill level 6 in Spellcasting
  3490 | D:4      | Reached XP level 7. HP: 36/36 MP: 8/18
  3676 | D:5      | Entered Level 5 of the Dungeon
  4046 | D:5      | Found an ornate altar of the Wu Jian Council.
  4051 | D:5      | Found a burning altar of Makhleb.
  4240 | D:5      | Noticed a moth of wrath
  4243 | D:5      | Found a bloodstained altar of Trog.
  5471 | D:6      | Reached XP level 8. HP: 42/42 MP: 14/20
  5522 | D:6      | Reached skill level 5 in Conjurations
  5529 | D:6      | Reached skill level 7 in Spellcasting
  5836 | D:6      | Noticed Grinder
  6145 | D:6      | Found a staircase to the Ecumenical Temple.
  6160 | D:6      | Paralysed by Grinder for 2 turns
  6167 | D:6      | Killed Grinder
  6167 | D:6      | Reached skill level 8 in Spellcasting
  6169 | Temple   | Entered the Ecumenical Temple
  6188 | Temple   | Became a worshipper of Sif Muna the Loreminder
  6361 | D:6      | Found a shimmering altar of Xom.
  6361 | D:6      | Found an ancient bone altar of Kikubaaqudgha.
  7107 | D:7      | Found a white marble altar of Elyvilon.
  7110 | D:7      | Reached XP level 9. HP: 46/46 MP: 19/23
  7172 | D:7      | Learned a level 2 spell: Blink
  7239 | D:7      | Reached skill level 9 in Spellcasting
  7626 | D:7      | Noticed Joseph
  8185 | D:7      | Killed Joseph
  8185 | D:7      | Reached * piety under Sif Muna
  8769 | D:8      | Found a sacrificial altar of Ru.
  8837 | D:8      | Noticed a two-headed ogre
  8871 | D:8      | Killed a two-headed ogre
  8871 | D:8      | Reached ** piety under Sif Muna
  8871 | D:8      | Reached skill level 1 in Fighting
  8871 | D:8      | Reached skill level 10 in Spellcasting
  9513 | D:8      | Noticed Prince Ribbit
  9520 | D:8      | Killed Prince Ribbit
  9520 | D:8      | Reached XP level 10. HP: 46/52 MP: 12/26
  9797 | D:9      | Found a flagged portal.
  9966 | Bailey   | Entered a bailey
 10094 | Bailey   | Reached skill level 11 in Spellcasting
 10617 | Bailey   | Reached *** piety under Sif Muna
 10863 | Bailey   | Got a pair of spiked boots
 10875 | Bailey   | Identified the +1 pair of boots "Urut" {Int+2 Dex+2} (You found it in a bailey)
 10994 | D:9      | Found a shattered altar of Ashenzari.
 11044 | D:9      | Reached skill level 10 in Fire Magic
 11491 | D:9      | Found a roughly hewn altar of Beogh.
 11491 | D:9      | Found a staircase to the Orcish Mines.
 12441 | D:9      | Found a staircase to the Lair.
 12538 | D:9      | Noticed Grum
 12540 | D:9      | Reached **** piety under Sif Muna
 12548 | D:9      | Reached skill level 12 in Spellcasting
 12574 | D:9      | Killed Grum
 12708 | D:9      | Found an iron altar of Okawaru.
 12771 | D:9      | Found a hazy altar of Hepliaklqana.
 12956 | D:10     | Entered Level 10 of the Dungeon
 13165 | D:10     | Reached skill level 5 in Stealth
 13366 | D:10     | Noticed a gargoyle
 13370 | D:10     | Killed a gargoyle
 13524 | D:10     | Reached XP level 11. HP: 56/56 MP: 15/29
 13603 | D:10     | Noticed Psyche
 13888 | D:10     | Killed Psyche
 13888 | D:10     | Reached skill level 10 in Conjurations
 14093 | D:10     | Noticed George's ghost (journeyman MiFi)
 14450 | Lair:1   | Entered Level 1 of the Lair of Beasts
 14545 | Lair:1   | Reached skill level 13 in Spellcasting
 15296 | Lair:1   | Reached ***** piety under Sif Muna
 15668 | Lair:1   | Mangled by a black mamba

Vault maps used:
D:1:      scummos_arrival_hexagon
D:2:      minmay_tetromino_i4
D:3:      first_ration, uniq_ijyb
D:4:      uniq_pikel
D:5:      tgw_trog, grunt_temple_overflow_open
D:6:      gammafunk_temple_overflow_elements, minmay_temple_entry_junction_2,
          uniq_grinder
D:7:      elyvilon_altar_4, uniq_joseph
D:8:      nicolae_ru_awakened_eye, uniq_prince_ribbit1
D:9:      nicolae_ashenzari_panopticon, nicolae_overflow_hidden_temple,
          lemuel_round_altar, minmay_lair_entry_lava, david_orc_5,
          enter_bailey_2, uniq_grum
D:10:     grunt_livestock, uniq_psyche
Temple:   nicolae_temple_figure_eight
Lair:1:   beast_lair_carwin_2
Lair:2:   mu_elephants_graveyard, hibernation_bobbens
Bailey:   bailey_polearm_1, bailey

Skill      XL: |  1  2  3  4  5  6  7  8  9 10 11 |
---------------+----------------------------------+-----
Fire Magic     | 4 5 7 8 9 10 11 | 11.8
Stealth        | 3 4 5 |  5.0
Dodging        | 3 4 |  4.5
Conjurations   | 2 3 4 6 8 9 10 | 10.6
Spellcasting   | 4 5 6 8 10 12 13 | 13.7
Fighting       | 1 |  1.1
Invocations    | |  0.3
Evocations     | |  0.3

Action                   |  1- 3 |  4- 6 |  7- 9 | 10-12 || total
-------------------------+-------+-------+-------+-------++-------
Melee: Unarmed           |       |       |    33 |       ||    33
 Cast: Flame Tongue      |    67 |    96 |   218 |   365 ||   746
       Throw Flame       |       |     6 |    15 |    43 ||    64
       Conjure Flame     |       |     2 |     4 |    15 ||    21
       Sticky Flame      |       |     1 |    27 |    32 ||    60
       Fireball          |       |       |    12 |    31 ||    43
       Blink             |       |       |     1 |       ||     1
Invok: Channel Magic     |       |       |       |     1 ||     1
       Divine Energy     |       |       |       |     1 ||     1
Evoke: Wand              |       |       |       |     5 ||     5
  Use: Scroll            |       |       |     8 |     1 ||     9
  Eat: Chunk             |     1 |     7 |    15 |    18 ||    41
       Ration            |       |       |     2 |     1 ||     3
Armor: Robe              |     5 |     6 |    18 |     9 ||    38
Dodge: Dodged            |    18 |    26 |    81 |    65 ||   190

Table legend:
 A = Spawn XP
 B = Non-spawn XP
 C = Spawn XP percentage of total XP
 D = Spawn monster count
 E = Non-spawn monster count
 F = Spawn count percentage of total count
 G = Total turns spent on level
                    A         B        C        D         E        F      G
               +---------+---------+-------+---------+---------+-------+---------
         Total |       0 |   17316 |   0.0 |       0 |     326 |   0.0 | 15668
               +---------+---------+-------+---------+---------+-------+---------
           D:1 |       0 |      30 |   0.0 |       0 |      15 |   0.0 |   965
           D:2 |       0 |      92 |   0.0 |       0 |      26 |   0.0 |   927
           D:3 |       0 |     177 |   0.0 |       0 |      18 |   0.0 |   846
           D:4 |       0 |     442 |   0.0 |       0 |      15 |   0.0 |   938
           D:5 |       0 |     618 |   0.0 |       0 |      26 |   0.0 |  1932
           D:6 |       0 |    1077 |   0.0 |       0 |      23 |   0.0 |  1484
           D:7 |       0 |    1275 |   0.0 |       0 |      27 |   0.0 |  1156
           D:8 |       0 |    1855 |   0.0 |       0 |      16 |   0.0 |  1986
           D:9 |       0 |    3242 |   0.0 |       0 |      81 |   0.0 |  2042
          D:10 |       0 |    2485 |   0.0 |       0 |      32 |   0.0 |  1071
        Lair:1 |       0 |    4453 |   0.0 |       0 |      27 |   0.0 |  1188
        Lair:2 |       0 |     494 |   0.0 |       0 |       1 |   0.0 |    30
        Bailey |       0 |    1076 |   0.0 |       0 |      19 |   0.0 |  1003
               +---------+---------+-------+---------+---------+-------+---------
